 Dungeon Crawl Stone Soup version 0.27-a0-1232-gc6a4cbde82 (webtiles) character file.

Game seed: 13406908377707694459

39 deletemesenpai the Skirmisher (level 3, 0/33 HPs)
             Began as a Hill Orc Fighter on June 8, 2021.
             Slain by Sigmund
             ... wielding a +0 scythe of protection
              (8 damage)
             ... on level 2 of the Dungeon.
             The game lasted 00:05:23 (900 turns).

deletemesenpai the Skirmisher (Hill Orc Fighter)     Turns: 900, Time: 00:05:24

Health: 0/33       AC:  6    Str: 19    XL:     3   Next: 45%
Magic:  3/3        EV:  7    Int:  8    God:
Gold:   61         SH:  9    Dex: 10    Spells: 2/2 levels left

rFire    . . .     SeeInvis .   a - +0 war axe
rCold    . . .     Faith    .   c - +0 kite shield
rNeg     . . .     Spirit   .   b - +0 scale mail
rPois    .         Reflect  .   (no helmet)
rElec    .         Harm     .   (no cloak)
rCorr    .         Rampage  .   (no gloves)
Will     .....                  (no boots)
Stlth    ..........             (no amulet)
HPRegen  0.11/turn              (no ring)
MPRegen  0.08/turn              (no ring)

@: mighty
A: no striking features
a: no special abilities


You were on level 2 of the Dungeon.
You visited 1 branch of the dungeon, and saw 2 of its levels.

You collected 61 gold pieces.

Inventory:

Hand Weapons
 a - a +0 war axe (weapon)
 d - a +0 spear of venom
Missiles
 e - 18 sling bullets
Armour
 b - a +0 scale mail (worn)
 c - a +0 kite shield (worn)
 j - a +0 barding
Scrolls
 f - a scroll of noise {unknown}
 g - 2 scrolls of amnesia {unknown}
 h - a scroll of enchant armour {unknown}
 m - a scroll of blinking {unknown}
 n - a scroll of teleportation {unknown}
 o - a scroll of fog {unknown}
Potions
 i - a potion of resistance {unknown}
 k - 3 potions of flight {unknown}
 l - a potion of cancellation {unknown}
 p - 2 potions of mutation {unknown}


   Skills:
 + Level 4.0 Fighting
 * Level 3.6 Axes
 + Level 3.5 Armour
 + Level 3.8 Shields


You had 2 spell levels left.
You didn't know any spells.
Your spell library was empty.

Dungeon Overview and Level Annotations

Branches:
Dungeon (2/15)

Altars:

Annotations:
D:2 Sigmund


Message History

Sigmund shouts!
Sigmund gestures at you while chanting. You resist with significant effort.
Unknown command.
Sigmund flickers, as though insubstantial.
Sigmund gestures wildly while chanting.
Sigmund flickers and vanishes!
Deactivating autopickup; reactivate with Ctrl-A.
Found a runed spear.
You see here a fizzy white potion.
The ball python bites you but does no damage.
The ball python grabs you. The ball python constricts you.
You barely miss the ball python.
The ball python bites you but does no damage.
The ball python constricts you. The ball python bites you.
The ball python constricts you.
Your shield and scale mail prevent you from hitting the ball python.
You block the ball python's attack. The ball python constricts you.
The ball python bites you but does no damage.
The ball python constricts you.
You hit the ball python.
You kill the ball python!
Something hits you. Something hits you!
You hear some strange, mumbled words.
A magic dart appears from out of thin air!
The magic dart hits you.
You see here a ball python corpse.
You hit something. Something hits you but does no damage. Something hits you!
* * * LOW HITPOINT WARNING * * *
You miss something. Something hits you but does no damage.
Something hits you but does no damage.
Unknown command.
You feel very mighty all of a sudden. You block something's attack.
Something hits you but does no damage. Something hits you but does no damage.
You see here a +0 spear of venom.
d - a +0 spear of venom Something hits you!
You die...

#.#####....# ####### .# .#
.#.#.#.#.#.# ......##.# .#
........†..# #####...... .#
.#.#.#.#.#.# #........####.##
...).......#.#.##...........#
.#.#.#.#.#.#...............##
...........###.#..†....##.##
.#.#.#.#.#.....#.##.!#.##.#
..........##....@....#.##.#
.#.#.#.#>#..............#.#
..........##.############.###
.#.#.#.#.###.# #...........#
.....##### #.# #.###########
.##..# #.# #.# ###..# #.# #.#
.....# #.# #.# ####.#
##.####.#


There were no monsters in sight!

Vanquished Creatures
  An adder (D:2)
  A dart slug (D:1)
  2 endoplasms (D:1)
  2 giant cockroaches
  A goblin (D:1)
  3 hobgoblins
  5 jackals (D:1)
  2 quokkas
  2 ball pythons (D:2)
  4 kobolds
  2 rats (D:1)
25 creatures vanquished.

Notes
Turn   | Place    | Note
-------+----------+-------------------------------------------
     0 | D:1      | deletemesenpai the Hill Orc Fighter began the quest for the
                  | Orb.
     0 | D:1      | Reached XP level 1. HP: 19/19 MP: 1/1
    98 | D:1      | Reached XP level 2. HP: 20/27 MP: 2/2
   211 | D:1      | Reached skill level 4 in Fighting
   580 | D:1      | Found a faded altar of an unknown god.
   763 | D:2      | Reached XP level 3. HP: 33/33 MP: 3/3
   886 | D:2      | Noticed Sigmund
   900 | D:2      | Slain by Sigmund

Illustrated notes

Levels and vault maps discovered:
D:1:      amcnicky_arrival_single_pillar, layout_basic,
          hellmonk_ecumenical_altar_lost_god, chequers_mini_garden
D:2:      layout_basic, st_stairs_10, minmay_cut_off, uniq_sigmund

Skill      XL: |  1  2 |
---------------+-------+-----
Fighting       | 4 |  4.0
Axes           | 3 |  3.6
Armour         | |  3.5
Shields        | |  3.8

Action                   || total
-------------------------++-------
Melee: War axe           ||    76
  Use: Potion            ||     1
Armor: Scale mail        ||    51
Dodge: Dodged            ||    33
Block: Kite shield       ||    46

Table legend: (Time is in decaauts)
 A = Elapsed time spent in this place.
 B = Non-inter-level travel time spent in this place.
 C = Inter-level travel time spent in this place.
 D = Time resting spent in this place.
 E = Time spent auto-exploring this place.
 F = Levels seen in this place.
 G = Mean time per level.
                   A        B        C        D        E       F      G
               +--------+--------+--------+--------+--------+-----+--------+
         Total |    944 |    944 |      0 |      0 |      0 |   2 |  472.0 |
       Dungeon |    944 |    944 |      0 |      0 |      0 |   2 |  472.0 |
               +--------+--------+--------+--------+--------+-----+--------+

Top non-repeatable levels by time:
     D:1: 785 daAuts
     D:2: 159 daAuts
